 Dungeon Crawl Stone Soup version 0.30-a0-322-g102857c98e (webtiles) character file.

Game seed: 17809462178296759141

3992 vineage the Fighter (level 10, -19/68 HPs)
             Began as a Gargoyle Fighter on Oct 25, 2022.
             Was an Initiate of Okawaru.
             Killed from afar by a rime drake (31 damage)
             ... with a flash freeze
             ... on level 8 of the Dungeon on Oct 27, 2022.
             The game lasted 00:11:03 (7719 turns).

vineage the Fighter (Gargoyle Fighter)              Turns: 7719, Time: 00:11:04

Health: -19/68     AC: 20    Str: 30    XL:     10   Next: 23%
Magic:  10/10      EV:  9    Int: 16    God:    Okawaru [......]
Gold:   578        SH:  5    Dex:  9    Spells: 9/9 levels left

rFire   . . .      SeeInvis .    d - +6 whip (flame)
rCold   x . .      Faith    .    c - +0 buckler
rNeg    + . .      Spirit   .    v - +4 scale mail of the Weak God {rF- Str+3 Int+4 Dex+2}
rPois   ∞          Reflect  .    k - +0 helmet
rElec   +          Harm     .    n - +0 cloak
rCorr   .          Rampage  .    (no gloves)
Will    .....      Clarity  +    u - +0 pair of boots
Stlth   ..........               (no amulet)
HPRegen 0.00/turn                g - ring of fire
MPRegen 0.12/turn                (no ring)

@: marked, inhibited regen
A: sickness immunity, AC +7, negative energy resistance 1, electricity
resistance, torment resistance 1, petrification resistance, clarity, clever 1,
deformed body, inhibited regeneration, strong 1, inability to read after injury
1
a: Renounce Religion


You were on level 8 of the Dungeon.
You worshipped Okawaru.
Okawaru was noncommittal.
You visited 2 branches of the dungeon, and saw 9 of its levels.

You collected 578 gold pieces.

Inventory:

Hand Weapons
 a - a +1 flail
 d - a +6 whip of flaming (weapon)
Armour
 c - a +0 buckler (worn)
 i - a +0 chain mail
 k - a +0 helmet (worn)
 n - a +0 cloak (worn)
 u - a +0 pair of boots (worn)
 v - the +4 scale mail of the Weak God (worn) {rF- Str+3 Int+4 Dex+2}
   (You found it on level 7 of the Dungeon)

   Str:       It affects your strength (+3).
   Int:       It affects your intelligence (+4).
   Dex:       It affects your dexterity (+2).
   rF:        It makes you vulnerable to fire.
Jewellery
 g - a ring of fire (left hand)
Wands
 h - a wand of digging (6)
 l - a wand of polymorph (20)
 s - a wand of flame (11)
 t - a wand of roots (16)
Scrolls
 e - 3 scrolls of identify
 m - 2 scrolls of immolation
 x - a scroll of brand weapon {unknown}
 y - a scroll of teleportation
Potions
 b - 2 potions of attraction
 f - a potion of flight
 j - 2 potions of brilliance {unknown}
 o - a potion of lignification {unknown}
 p - a potion of magic {unknown}
 q - 2 potions of cancellation {unknown}
 r - 2 potions of heal wounds
 w - 2 potions of curing
 z - a potion of invisibility
 A - 2 potions of might


   Skills:
 * Level 10.0 Fighting
 * Level 8.3 Maces & Flails
 + Level 7.3 Armour
 + Level 7.3 Shields


You had 9 spell levels left.
You didn't know any spells.
Your spell library contained the following spells:

 Spells                   Type           Power      Damage    Failure   Level
 Apportation              Tloc           0%         N/A       52%         1
 Necrotise                Necr           0%         1d4       52%         1
 Wereblood                Tmut           0%         N/A       67%         2
 Summon Small Mammal      Summ           Unusable   N/A       N/A         1
 Sublimation of Blood     Necr           Unusable   N/A       N/A         2
 Call Canine Familiar     Summ           Unusable   N/A       N/A         3
 Summon Guardian Golem    Hex/Summ       Unusable   N/A       N/A         3
 Summon Hydra             Summ           Unusable   N/A       N/A         7

Dungeon Overview and Level Annotations

Branches:
Dungeon (8/15)             Temple (1/1) D:7
   Lair: D:8-11

Altars:
Ashenzari
Cheibriados
Dithmenos
Elyvilon
Fedhas
Gozag
Kikubaaqudgha
Makhleb
Nemelex Xobeh
Okawaru
Ru
Sif Muna
Trog
Uskayaw
Vehumet
Wu Jian
Xom
Zin

Shops:
D:4 [(


Innate Abilities, Weirdness & Mutations

You are immune to sickness and miasma.
Your stone body is resilient. (AC +7)
You are immune to poison.
You resist negative energy. (rN+)
You are resistant to electric shocks. (rElec)
You are resistant to unholy torment.
You are immune to petrification.
You possess an exceptional clarity of mind.
Your mind is acute. (Int +4, Str/Dex -1)
Armour fits poorly on your strangely shaped body.
You do not regenerate when monsters are visible.
Your muscles are strong. (Str +4, Int/Dex -1)
You occasionally lose the ability to read scrolls when taking damage.


Message History

The rime drake is almost dead.
The rime drake breathes ice at you. The flash freeze hits you!
You feel a painful chill!
You are encased in ice.
The wight misses you.
A wight comes into view.
It is wielding a +0 hand axe and wearing a +2 robe of cold resistance.
The ice beast hits you but does no damage.
You block the ice beast's attack. The rime drake bites you.
The rime drake attacks as you move away!
The rime drake bites you but does no damage.
You hear a distant slurping noise.
A wight comes into view. It is wielding a +0 dagger.
The ice beast attacks as you move away! The ice beast barely misses you.
The ice encasing you melts away. The rime drake barely misses you.
The ice beast hits you but does no damage.
A wight comes into view. It is wielding a +0 flail.
Things that are here:
a +0 short sword; 2 poisoned darts; a kobold corpse The rime drake attacks as you move away!
The rime drake bites you but does no damage.
The rime drake breathes ice at you. The flash freeze hits you!!!
You feel a painful chill!
Ouch! That really hurt!
* * * LOW HITPOINT WARNING * * *
You are encased in ice.
The bullfrog barely misses you.
You hear a distant slurping noise.
A white imp comes into view.
The bullfrog closely misses you. x2; The wight closely misses you.
The rime drake attacks as you move away!
The rime drake closely misses you. The ice encasing you melts away.
You block the wight's attack.
A water moccasin comes into view.
The bullfrog hits you but does no damage.
The wight attacks as you move away! The wight hits you but does no damage.
The rime drake breathes ice at you. The flash freeze hits you!!
You feel a painful chill!
You die...

.<....#..+.....#.....##..##
......####..........#.Sz..#.
................#...†z......
...............##)z.)).#.
...............#.)zz........
..........5....zYz..........
......####....kFz.z........#
<.....# ######.#####...##..
#.....# #.@...##'## .
#.....#### #.....# ...
#.#'###..## #.....# ...
#.#.......# #.....#
#.#.......# #.....+
..#.......# #.....#
..#..##...# #.....#
..#+###..## #.....#
#.#..##..##


You could see a rime drake (catching breath), a bullfrog and a wight.

Vanquished Creatures
  The ghost of DrLatency the Thaumaturge, a novice MeCj of Sif Muna (D:5)
  Prince Ribbit (D:6)
  A polar bear (D:8)
  Sigmund (D:2)
  A wraith (D:5)
  Eustachio (D:5)
  Menkaure (D:4)
  4 water moccasins
  An orc warrior (D:8)
  3 ice beasts
  2 sky beasts
  An ogre (D:5)
  2 centaurs
  A wolf (D:8)
  Blork the orc (D:5)
  5 bullfrogs
  A kobold brigand (D:8)
  2 scorpions
  2 necrophages (D:6)
  5 jellies
  A hound (D:7)
  Crazy Yiuf (D:5)
  Natasha (thrice) (D:4)
  4 iguanas
  An orc wizard (D:5)
  Robin (D:3)
  7 adders
  4 gnolls (D:2)
  3 ufetubi
  3 worms
  4 dart slugs
  16 orcs
  5 ball pythons
  8 endoplasms
  4 giant cockroaches
  18 goblins
  12 hobgoblins
  3 jackals (D:1)
  2 quokkas (D:1)
  6 bats
  3 frilled lizards
  9 kobolds
  5 rats
160 creatures vanquished.

Notes
Turn   | Place    | Note
-------+----------+-------------------------------------------
     0 | D:1      | vineage the Gargoyle Fighter began the quest for the Orb.
     0 | D:1      | Reached XP level 1. HP: 14/14 MP: 1/1
    78 | D:1      | Reached XP level 2. HP: 18/19 MP: 2/2
   309 | D:1      | Reached XP level 3. HP: 24/24 MP: 3/3
   353 | D:1      | Reached skill level 4 in Fighting
   728 | D:2      | Noticed Sigmund
   742 | D:2      | Killed Sigmund
   743 | D:2      | Reached skill level 5 in Fighting
   743 | D:2      | Reached XP level 4. HP: 11/31 MP: 4/4
   743 | D:2      | Reached XP level 5. HP: 12/35 MP: 5/5
   970 | D:2      | Identified the +1 mace "Neerirut" {drain, rN++ Dex-4}
  1000 | D:2      | Reached XP level 6. HP: 36/40 MP: 6/6
  1146 | D:2      | Found a faded altar of an unknown god.
  1755 | D:3      | Identified the +1 ring mail of Xom's Castigation {-Cast
                  | +Blink SInv}
  1872 | D:3      | Noticed Robin
  1879 | D:3      | Killed Robin
  2490 | D:4      | Found Liruil's Armour Shop.
  2510 | D:4      | Reached XP level 7. HP: 30/45 MP: 7/7
  2581 | D:4      | Noticed Menkaure
  2600 | D:4      | Found Sounosar's Weapon Boutique.
  2610 | D:4      | Killed Menkaure
  2611 | D:4      | Reached skill level 6 in Fighting
  2814 | D:4      | Noticed Natasha
  2819 | D:4      | Killed Natasha
  2839 | D:4      | Noticed Natasha
  2845 | D:4      | Killed Natasha
  2846 | D:4      | Reached skill level 5 in Armour
  2897 | D:4      | You fall into a shaft and drop 3 floors!
  2949 | D:6      | Reached skill level 5 in Shields
  2957 | D:6      | Noticed Prince Ribbit
  2986 | D:6      | Reached XP level 8. HP: 20/52 MP: 8/8
  2995 | D:6      | Gained mutation: You occasionally lose the ability to drink
                  | potions when taking damage. [potion of mutation]
  2995 | D:6      | Gained mutation: You are partially covered in iridescent
                  | scales. (AC +2) [potion of mutation]
  2995 | D:6      | Gained mutation: Your spells are a little harder to cast,
                  | but a little more powerful. [potion of mutation]
  3006 | D:6      | Reached skill level 5 in Maces & Flails
  3315 | D:6      | Reached skill level 7 in Fighting
  3384 | D:6      | Killed Prince Ribbit
  3575 | D:5      | Entered Level 5 of the Dungeon
  3587 | D:4      | Noticed Natasha
  3596 | D:4      | Killed Natasha
  3932 | D:5      | Lost mutation: You occasionally lose the ability to drink
                  | potions when taking damage. [potion of mutation]
  3932 | D:5      | Lost mutation: Your spells are a little harder to cast, but
                  | a little more powerful. [potion of mutation]
  3932 | D:5      | Lost mutation: You are partially covered in iridescent
                  | scales. (AC +2) [potion of mutation]
  3932 | D:5      | Gained mutation: You have hidden genetic defects. [potion
                  | of mutation]
  3932 | D:5      | Gained mutation: You possess an exceptional clarity of
                  | mind. [potion of mutation]
  3932 | D:5      | Gained mutation: Your muscles are strong. (Str +4, Int/Dex
                  | -1) [potion of mutation]
  3932 | D:5      | Gained mutation: Your mind is acute. (Int +4, Str/Dex -1)
                  | [potion of mutation]
  3989 | D:5      | Found a runed translucent door.
  3993 | D:5      | Noticed a wraith
  3994 | D:5      | Noticed DrLatency's ghost (novice MeCj)
  4048 | D:5      | Reached skill level 8 in Fighting
  4048 | D:5      | Reached XP level 9. HP: 55/59 MP: 9/9
  4254 | D:5      | Gained mutation: You have terrible hidden genetic defects.
                  | [hidden defects]
  4346 | D:5      | Found a runed translucent door.
  4347 | D:5      | Noticed Crazy Yiuf
  4347 | D:5      | Noticed Blork the orc
  4475 | D:5      | Found a white marble altar of Elyvilon.
  4475 | D:5      | Found a bloodstained altar of Trog.
  4479 | D:5      | Found a hide-covered altar of Uskayaw.
  4545 | D:5      | Noticed Eustachio
  4560 | D:5      | Killed Eustachio
  4811 | D:5      | Killed DrLatency's ghost
  4817 | D:5      | Gained mutation: You occasionally lose the ability to read
                  | scrolls when taking damage. [hidden defects]
  4817 | D:5      | Lost mutation: You have terrible hidden genetic defects.
                  | [hidden defects expressed]
  4820 | D:5      | Identified the +6 broad axe of the Fifty Spirits {flame,
                  | rPois rCorr}
  5009 | D:5      | Killed Crazy Yiuf
  5010 | D:5      | Reached skill level 9 in Fighting
  5017 | D:5      | Killed Blork the orc
  6148 | D:7      | Identified the +4 scale mail of the Weak God {rF- Str+3
                  | Int+4 Dex+2}
  6430 | D:7      | Gained mutation: You do not regenerate when monsters are
                  | visible. [hidden defects]
  6761 | D:7      | Found a staircase to the Ecumenical Temple.
  6838 | D:8      | Noticed a polar bear
  6846 | D:8      | Reached XP level 10. HP: 66/66 MP: 10/10
  6898 | Temple   | Entered the Ecumenical Temple
  7155 | Temple   | Became a worshipper of Warmaster Okawaru
  7214 | D:8      | Gained mutation: Armour fits poorly on your strangely
                  | shaped body. [hidden defects]
  7214 | D:8      | Lost mutation: You have hidden genetic defects. [hidden
                  | defects expressed]
  7229 | D:8      | Found a sacrificial altar of Ru.
  7680 | D:8      | Upgraded the game from 0.30-a0-311-gf115ab0292 to
                  | 0.30-a0-322-g102857c98e
  7699 | D:8      | Reached skill level 10 in Fighting
  7719 | D:8      | Killed from afar by a rime drake

Illustrated notes

Levels and vault maps discovered:
D:1:      scummos_arrival_simple_crosswalls, layout_basic
D:2:      layout_basic, chequers_ecumenical_altar_grove, uniq_sigmund
D:3:      layout_basic, uniq_robin
D:4:      layout_rooms, serial_shops, nicolae_shop_crystal, nicolae_shop_stone,
          uniq_menkaure, uniq_natasha
D:5:      layout_basic, gammafunk_temple_overflow_forgotten,
          ebering_ghost_inner_flame, uniq_crazy_yiuf_cottage,
          uniq_blork_the_orc, uniq_eustachio
D:6:      layout_layer_cave, kennysheep_generic_room_7, uniq_prince_ribbit1
D:7:      layout_basic, minmay_temple_entry_ruins, amethyst_killhole,
          chequers_garden
D:8:      layout_gridville, nicolae_ru_awakened_eye,
          mainiacjoe_overflow_24_doors, hellmonk_lair_entry_icy,
          lemuel_flame_loot_1
Temple:   dpeg_chambers_temple

Skill      XL: |  1  2  3  4  5  6  7  8  9 10 |
---------------+-------------------------------+-----
Fighting       | 5 6 8 9 10 | 10.0
Maces & Flails | 3 4 6 7 8 |  8.3
Armour         | 4 5 6 7 |  7.3
Shields        | 4 5 6 7 |  7.3

Action                   |  1- 3 |  4- 6 |  7- 9 | 10-12 || total
-------------------------+-------+-------+-------+-------++-------
Melee: Flail             |   117 |    51 |       |       ||   168
       Whip              |       |    74 |   303 |    44 ||   421
  Use: Scroll            |     3 |     7 |     6 |       ||    16
       Potion            |       |     1 |     5 |       ||     6
Armor: Scale mail        |    69 |    31 |    24 |    31 ||   155
       Chain mail        |       |    54 |   149 |       ||   203
       Skin              |       |       |    10 |       ||    10
Dodge: Dodged            |    59 |    55 |    98 |    26 ||   238
Block: Buckler           |    21 |    29 |    76 |     7 ||   133

Table legend: (Time is in decaauts)
 A = Elapsed time spent in this place.
 B = Non-inter-level travel time spent in this place.
 C = Inter-level travel time spent in this place.
 D = Time resting spent in this place.
 E = Time spent auto-exploring this place.
 F = Levels seen in this place.
 G = Mean time per level.
                   A        B        C        D        E       F      G
               +--------+--------+--------+--------+--------+-----+--------+
         Total |   7741 |   7216 |    525 |    798 |   5180 |   9 |  860.1 |
       Dungeon |   7470 |   7016 |    454 |    798 |   4993 |   8 |  933.8 |
        Temple |    270 |    199 |     71 |      0 |    187 |   1 |  270.0 |
               +--------+--------+--------+--------+--------+-----+--------+

Top non-repeatable levels by time:
     D:6: 1408 daAuts
     D:5: 1167 daAuts
     D:2: 1091 daAuts
     D:7: 1068 daAuts
     D:3: 810 daAuts
     D:4: 765 daAuts
     D:1: 631 daAuts
     D:8: 528 daAuts
  Temple: 270 daAuts
